 Dungeon Crawl Stone Soup version 0.17-a0-1435-geafbe2f (webtiles) character file.

648 urechis the Grappler (level 7, 0/66 HPs)
             Began as a Troll Monk on June 26, 2015.
             Slain by a decayed bog body (6 damage)
             ... in an ossuary.
             The game lasted 00:05:12 (3313 turns).

urechis the Grappler (Troll Monk)                   Turns: 3313, Time: 00:05:12

Health: 0/66       AC:  7    Str: 20    XL:     7   Next: 27%
Magic:  6/6        EV: 10    Int:  6    God:
Gold:   118        SH:  0    Dex: 14    Spells: 0 memorised, 6 levels left

rFire  . . .     SeeInvis .       - Unarmed
rCold  . . .     Clarity  .     a - +0 robe
rNeg   . . .     SustAt   .     (no shield)
rPois  .         Gourm    +     (helmet restricted)
rElec  .         Spirit   .     (no cloak)
rCorr  .         Warding  .     (gloves unavailable)
rMut   .         Stasis   .     (boots unavailable)
MR     .....                    (no amulet)
Stlth  ++........               p - ring of invisibility
                                e - +2 ring of protection

@: slowed, very slow, not resistant to hostile enchantments, unstealthy
A: unfitting armour, claws 3, fast metabolism 3, gourmand, regeneration 2,
shaggy fur 1, tough skin 2
a: Evoke Invisibility


You were in an ossuary.
You were very full.

You visited 1 branch of the dungeon, and saw 4 of its levels.
You also visited: Ossuary.

You collected 118 gold pieces.

Inventory:

Armour
 a - a +0 robe (worn)
Jewellery
 e - a +2 ring of protection (left claw)
 p - a ring of invisibility (right claw)
Scrolls
 d - 3 scrolls of remove curse {unknown}
 f - 7 scrolls of identify {unknown}
 g - 3 scrolls of random uselessness {unknown}
 h - 2 scrolls of recharging {unknown}
 i - 2 scrolls of blinking {unknown}
 m - 2 scrolls of enchant weapon {unknown}
 n - 2 scrolls of fear {unknown}
 o - 2 scrolls of enchant armour {unknown}
 q - 3 scrolls of teleportation {unknown}
 r - a scroll of amnesia {unknown}
Potions
 c - 3 potions of mutation {unknown}
 j - 5 potions of curing {unknown}
 k - a potion of lignification {unknown}
 l - a potion of agility {unknown}
 s - a potion of heal wounds {unknown}
 t - a potion of degeneration {unknown}
 u - a potion of poison {unknown}
 v - a potion of haste {unknown}
 w - a potion of resistance {unknown}
 x - a potion of might {unknown}
Comestibles
 b - 3 bread rations


   Skills:
 - Level 2.4 Fighting
 - Level 2.4 Dodging
 - Level 1.1 Stealth
 + Level 9.0 Unarmed Combat


You had 6 spell levels left.
You didn't know any spells.

Dungeon Overview and Level Annotations

Branches:
Dungeon (4/15)
 Temple: D:4-7

Altars:
Trog


Innate Abilities, Weirdness & Mutations

You are too large for most types of armour.
You have claws for hands.
Your metabolism is lightning-fast.
You like to eat raw meat.
You heal very quickly.
You are covered in fur (AC +1).
You have very tough skin (AC +2).


Message History

The decayed bog body closely misses you.
The decayed bog body touches you but does no damage.
You scratch the decayed bog body but do no damage.
The decayed bog body hits you!
The decayed bog body touches you but does no damage.
You scratch the decayed bog body.
The decayed bog body is moderately damaged.
The decayed bog body points at you and mumbles some strange words.
You feel yourself slow down.
You claw the decayed bog body!
The decayed bog body is severely damaged.
The decayed bog body hits you. The decayed bog body touches you.
The decayed bog body freezes you.
The decayed bog body closely misses you.
The decayed bog body barely misses you. The decayed bog body hits you!!
* * * LOW HITPOINT WARNING * * *
The decayed bog body touches you.
* * * LOW HITPOINT WARNING * * *
The decayed bog body freezes you.
You die...

### #≈#≈≈
#######≈#####≈#≈#
#.#.#.#P≈P≈.#P≈## #
###'#'#'#.≈.≈.#≈##≈
##≈#.'..†..≈..≈≈≈†.'.#
#≈≈≈##.##'##'##'##≈#≈#
# #P'≈#...#.#...#≈'.#
###.#...###...#.#≈#
#n@≈#...# #.PP#.≈.#
#≈≈n#≈#####'#####.###
###.≈≈.. ≈.≈≈≈≈≈..'.#
≈#≈≈#####≈#####≈###
≈#..≈#..∩# #...#†'P≈
#≈ ≈#≈#.∩.###...#≈##≈
≈ #P.≈#...#.#...#≈+ ##
##≈≈##'##≈##'##≈#≈≈
#≈P......≈...≈.≈≈≈P#


You could see 2 decayed bog bodies.

Vanquished Creatures
  A wyvern zombie (Ossuary)
  5 bog bodies (Ossuary)
  2 giant frog zombies (Ossuary)
  2 orc priests
  A worker ant (D:4)
  An orc wizard (D:3)
  A killer bee zombie (Ossuary)
  5 mummies (Ossuary)
  Robin (D:3)
  3 adders
  2 adder zombies (Ossuary)
  5 giant geckos
  8 orcs
  A ball python (D:1)
  3 bat zombies (Ossuary)
  8 giant cockroaches
  13 hobgoblins
  A quokka (D:3)
  5 bats
  4 giant newts
  14 goblins
  8 jackals (D:1)
  A jackal zombie (Ossuary)
  5 kobolds
  3 rats
103 creatures vanquished.

Vanquished Creatures (others)
  A bat (D:2)
1 creature vanquished.

Grand Total: 104 creatures vanquished

Notes
Turn   | Place    | Note
--------------------------------------------------------------
     0 | D:1      | urechis the Troll Monk began the quest for the Orb.
     0 | D:1      | Reached XP level 1. HP: 22/22 MP: 0/0
   189 | D:1      | Reached XP level 2. HP: 29/29 MP: 1/1
   838 | D:2      | Reached skill level 5 in Unarmed Combat
   927 | D:2      | Reached XP level 3. HP: 36/36 MP: 2/2
  1472 | D:2      | Found a bloodstained altar of Trog.
  1865 | D:3      | Reached XP level 4. HP: 34/44 MP: 3/3
  2042 | D:3      | Noticed Robin
  2063 | D:3      | Killed Robin
  2066 | D:3      | Reached skill level 6 in Unarmed Combat
  2615 | D:3      | Reached XP level 5. HP: 47/50 MP: 4/4
  3025 | D:4      | Reached skill level 7 in Unarmed Combat
  3065 | D:4      | Found a sand-covered staircase.
  3075 | Ossuary  | Entered an ossuary
  3096 | Ossuary  | Reached XP level 6. HP: 41/59 MP: 5/5
  3166 | Ossuary  | Reached skill level 8 in Unarmed Combat
  3183 | Ossuary  | Reached XP level 7. HP: 22/66 MP: 6/6
  3277 | Ossuary  | Reached skill level 9 in Unarmed Combat
  3313 | Ossuary  | Slain by a decayed bog body

Vault maps used:
D:1:      lemuel_arrival_cross
D:2:      old_standard_altar, lemuel_flame_loot_1
D:3:      uniq_robin
D:4:      nicolae_ossuary_entry_ruins, uniq_sigmund
Ossuary:  ossuary_zaba_flooded

Action                   |  1- 3 |  4- 6 |  7- 9 || total
-------------------------+-------+-------+-------++-------
Melee: Unarmed           |   112 |   155 |    35 ||   302
 Stab: Sleeping          |     2 |       |       ||     2
       Distracted        |       |     1 |       ||     1
  Eat: Chunk             |    12 |    20 |       ||    32
       Fruit             |       |     2 |       ||     2
